 Dungeon Crawl Stone Soup version 0.20.0-15-g7f486f2 (webtiles) character file.

355 JohnnyMnemonic the Cleaver (level 6, 0/51 HPs)
             Began as a Hill Orc Fighter on July 1, 2017.
             Succumbed to a worker ant's poison
             ... on level 4 of the Dungeon.
             The game lasted 00:03:21 (2779 turns).

JohnnyMnemonic the Cleaver (Hill Orc Fighter)       Turns: 2779, Time: 00:03:21

Health: 0/51       AC: 11    Str: 21    XL:     6   Next: 63%
Magic:  6/6        EV:  5    Int:  8    God:
Gold:   157        SH: 12    Dex: 10    Spells: 5/5 levels left

rFire    . . .     SeeInvis .   a - +0 war axe
rCold    . . .     Gourm    .   c - +0 shield
rNeg     . . .     Faith    .   s - +0 chain mail
rPois    .         Spirit   .   (no helmet)
rElec    .         Reflect  +   (no cloak)
rCorr    +         Harm     .   u - +1 pair of gloves
MR       .....                  (no boots)
Stlth    ..........             m - +3 amulet of reflection
Regen    0.2/turn               h - ring of resist corrosion
MPRegen  0.1/turn               (no ring)

@: lethally poisoned (0 -> -9)
A: no striking features
a: no special abilities


You were on level 4 of the Dungeon.
You were not hungry.

You visited 1 branch of the dungeon, and saw 4 of its levels.

You collected 157 gold pieces.

Inventory:

Hand Weapons
 a - a +0 war axe (weapon)
Armour
 c - a +0 shield (worn)
 s - a +0 chain mail (worn)
 u - a +1 pair of gloves (worn)
Jewellery
 h - a ring of resist corrosion (left hand)
 m - a +3 amulet of reflection (around neck)
 q - an uncursed amulet of faith {unknown}
 w - an uncursed amulet of guardian spirit {unknown}
Scrolls
 e - 4 scrolls of remove curse {unknown}
 k - a scroll of fear {unknown}
 l - 3 scrolls of noise {unknown}
 o - a scroll of enchant armour {unknown}
 p - 3 scrolls of identify {unknown}
 v - a scroll of magic mapping {unknown}
Potions
 d - a potion of might
 g - 2 potions of heal wounds {unknown}
 i - a potion of degeneration {unknown}
 j - a potion of lignification {unknown}
 r - a potion of brilliance {unknown}
 t - a potion of mutation {unknown}
 x - a potion of curing {unknown}
Comestibles
 b - a chunk of flesh
 f - 2 bread rations
 n - 2 meat rations


   Skills:
 - Level 3.6 Fighting
 + Level 9.0 Axes
 - Level 3.2 Armour
 - Level 3.2 Shields


You had 5 spell levels left.
You didn't know any spells.

Dungeon Overview and Level Annotations

Branches:
Dungeon (4/15)
 Temple: D:4-7

Altars:
Xom
Yredelemnul

Annotations:
D:4 Edmund


Message History

You hit Edmund but do no damage.
Edmund is moderately wounded.
You hit the worker ant but do no damage.
You feel sick.
Edmund hits you with a flail of protection.
* * * LOW HITPOINT WARNING * * *
The worker ant bites you.
* * * LOW HITPOINT WARNING * * *
You are more poisoned.
The worker ant poisons you! You block Edmund's attack.
You slash Edmund!
Edmund is heavily wounded.
You slash the worker ant!
You kill the worker ant!
Your Axes skill increases to level 9!
* * * LOW HITPOINT WARNING * * *
You feel sick. Edmund hits you but does no damage.
You hit Edmund but do no damage.
Edmund is heavily wounded.
You die...

..##..# #.
#.....##.
.....#.. ......
....# #...# #
#..@#####. .
##.@....... #.
##........##
##.##...##...##
#......###......
..###....#...####
#### ##....#..##
#...
##..###..###..#
#.## ###.#...###
###.# ##......#


You could see Edmund.

Vanquished Creatures
  The ghost of renl the Chopper, an amateur HOMo (D:3)
  A bullfrog (D:3)
  An iguana (D:4)
  An orc wizard (D:4)
  A worker ant (D:4)
  4 adders
  3 worms (D:3)
  4 dart slugs
  2 leopard geckos (D:2)
  2 orcs (D:4)
  A giant cockroach (D:4)
  7 goblins
  10 hobgoblins
  6 jackals
  A quokka (D:3)
  2 ball pythons
  8 bats
  5 frilled lizards
  5 kobolds
  8 rats
  A spectral orc (D:2)
74 creatures vanquished.

Vanquished Creatures (others)
  4 toadstools (D:1)
4 creatures vanquished.

Grand Total: 78 creatures vanquished

Notes
Turn   | Place    | Note
-------+----------+-------------------------------------------
     0 | D:1      | JohnnyMnemonic the Hill Orc Fighter began the quest for the Orb.
     0 | D:1      | Reached XP level 1. HP: 19/19 MP: 1/1
    37 | D:1      | Reached skill level 3 in Axes
   167 | D:1      | Reached XP level 2. HP: 26/26 MP: 2/2
   361 | D:1      | Reached skill level 4 in Axes
   720 | D:2      | Reached XP level 3. HP: 28/31 MP: 3/3
   800 | D:2      | Reached skill level 5 in Axes
  1110 | D:2      | Reached XP level 4. HP: 39/39 MP: 4/4
  1210 | D:2      | Found a basalt altar of Yredelemnul.
  1269 | D:2      | Found a shattered altar of Ashenzari.
  1271 | D:2      | Found a white marble altar of Elyvilon.
  1271 | D:2      | Found a shimmering altar of Xom.
  1273 | D:2      | Found a shimmering altar of Xom.
  1273 | D:2      | Found a basalt altar of Yredelemnul.
  1273 | D:2      | Found a shimmering altar of Xom.
  1633 | D:3      | Reached skill level 6 in Axes
  1744 | D:3      | Noticed renl's ghost (amateur HOMo)
  1756 | D:3      | Killed renl's ghost
  1756 | D:3      | Reached skill level 7 in Axes
  1756 | D:3      | Reached XP level 5. HP: 39/45 MP: 5/5
  2031 | D:3      | Reached skill level 8 in Axes
  2031 | D:3      | Reached XP level 6. HP: 41/51 MP: 6/6
  2763 | D:4      | Noticed Edmund
  2777 | D:4      | HP: 2/51 [worker ant (4)]
  2778 | D:4      | Reached skill level 9 in Axes
  2779 | D:4      | Succumbed to a worker ant's poison

Skill      XL: |  1  2  3  4  5  6 |
---------------+-------------------+-----
Axes           | 3 4 5 7 8 9 |  9.0
Fighting       | |  3.6
Armour         | |  3.2
Shields        | |  3.2

Action                   |  1- 3 |  4- 6 || total
-------------------------+-------+-------++-------
Melee: War axe           |   101 |   108 ||   209
  Eat: Chunk             |     1 |     5 ||     6
Armor: Scale mail        |    28 |       ||    28
       Chain mail        |    24 |    49 ||    73
Dodge: Dodged            |    21 |    18 ||    39
Block: Shield            |    63 |    59 ||   122
       Reflection        |     2 |       ||     2
